 Dungeon Crawl Stone Soup version 0.26.0-10-g1f06aea511 (webtiles) character file.

Game seed: 8706930416695988601

50 vatarom the Firebug (level 3, 0/28 HPs)
             Began as a Draconian Fire Elementalist on Jan 18, 2021.
             Killed by divine providence
             ... invoked by an orc priest
              (16 damage)
             ... on level 3 of the Dungeon.
             The game lasted 00:03:18 (1359 turns).

vatarom the Firebug (Draconian Fire Elementalist)   Turns: 1359, Time: 00:03:18

Health: 0/28       AC:  5    Str: 10    XL:     3   Next: 55%
Magic:  3/6        EV: 12    Int: 16    God:
Gold:   73         SH:  0    Dex: 11    Spells: 5/6 levels left

rFire    . . .     SeeInvis .   m - +0 quarterstaff
rCold    . . .     Faith    .   (shield currently unavailable)
rNeg     . . .     Spirit   .   (armour unavailable)
rPois    .         Reflect  .   (helmet restricted)
rElec    .         Harm     .   (no cloak)
rCorr    .         Rampage  .   (no gloves)
Will     .....                  (no boots)
Stlth    ++........             (no amulet)
HPRegen  0.09/turn              (no ring)
MPRegen  0.10/turn              (no ring)

@: no status effects
A: unfitting armour, cold-blooded, AC +5
a: no special abilities


You were on level 3 of the Dungeon.
You visited 1 branch of the dungeon, and saw 3 of its levels.

You collected 73 gold pieces.

Inventory:

Hand Weapons
 m - a +0 quarterstaff (weapon)
Scrolls
 a - 2 scrolls of magic mapping {unknown}
 c - a scroll of enchant weapon {unknown}
 d - 2 scrolls of identify {unknown}
 e - 2 scrolls of remove curse {unknown}
 g - a scroll of teleportation {unknown}
 h - a scroll of blinking {unknown}
 i - 2 scrolls of fog {unknown}
Potions
 b - a potion of magic {unknown}
 f - a potion of brilliance {unknown}
 j - a potion of attraction {unknown}
 k - a potion of ambrosia {unknown}
 l - 3 potions of mutation {unknown}
 n - a potion of curing {unknown}


   Skills:
 + Level 1.3 Fighting
 - Level 1.7 Dodging
 - Level 1.7 Stealth
 + Level 2.4 Spellcasting
 + Level 1.7 Conjurations
 * Level 3.7 Fire Magic


You had 5 spell levels left.
You knew the following spells:

 Your Spells              Type           Power        Failure   Level
a - Foxfire               Conj/Fire      40%          7%          1

Your spell library contained the following spells:

 Spells                   Type           Power        Failure   Level
 Conjure Flame            Conj/Fire      10%          21%         3
 Inner Flame              Hex/Fire       7%           28%         3
 Sticky Flame             Conj/Fire      10%          54%         4
 Fireball                 Conj/Fire      5%           88%         5


Dungeon Overview and Level Annotations

Branches:
Dungeon (3/15)

Altars:
Hepliaklqana


Innate Abilities, Weirdness & Mutations

Your plain brown scales are hard. (AC +5)
You cannot fit into any form of body armour.
You are cold-blooded and may be slowed by cold attacks.


Message History

An orc priest comes into view. It is wielding a -1 hand axe.
An orc comes into view. It is wielding a +0 club.
You barely miss the orc.
The orc is moderately wounded.
The orc priest shouts!
The orc shouts!
The orc misses you.
The orc priest mumbles some strange prayers to Beogh against you.
Beogh smites you! The orc closely misses you.
You hear a shout!
You hear an angry hiss.
You hear a shout!
You conjure some foxfire!
The orc hits you with a +0 flail. The orc barely misses you.
Your foxfire dissipates!
An adder comes into view.
The adder hisses angrily.
The foxfire hits the orc.
The orc is lightly wounded.
The orc priest invokes the aid of Beogh against you.
Beogh smites you!
Ouch! That really hurt!
You die...

........#..#.#.## #.#.#
................#####.#.#
........#...............#
...............####......
.....†.............<#.#.#
#...(....##.#.####.#.#.#
.#.......................
.......o........###.#†#.#
##.o...o@.#..######.#.#.#
......o.................#
.#...#..#.#..######.#.###
#.o)#...<...... #.#.# #..
#..#.##.### #.#.# #.
#..#S##.# #.#.# ..
#....[..$ #.#.# ... ..
#.#.# #.#.#


You could see an orc priest, an adder and 4 orcs.

Vanquished Creatures
  A worm (D:3)
  A dart slug (D:1)
  2 leopard geckos (D:1)
  4 bats
  5 giant cockroaches
  7 goblins
  8 hobgoblins
  3 jackals (D:2)
  A frilled lizard (D:2)
  A kobold (D:1)
  A rat (D:1)
34 creatures vanquished.

Vanquished Creatures (others)
  82 foxfires
82 creatures vanquished.

Grand Total: 116 creatures vanquished

Notes
Turn   | Place    | Note
-------+----------+-------------------------------------------
     0 | D:1      | vatarom the Draconian Fire Elementalist began the quest for
                  | the Orb.
     0 | D:1      | Reached XP level 1. HP: 14/14 MP: 3/3
    25 | D:1      | Reached XP level 2. HP: 22/22 MP: 1/5
   375 | D:1      | Reached skill level 1 in Fighting
   595 | D:1      | You fall into a shaft and drop 1 floor!
   755 | D:2      | Reached XP level 3. HP: 28/28 MP: 3/6
   989 | D:2      | Found a hazy altar of Hepliaklqana.
  1359 | D:3      | Killed from afar by an orc priest

Illustrated notes

Levels and vault maps discovered:
D:1:      mrwooster_arrival_arrow, layout_rooms
D:2:      layout_rooms, nzn_hepliaklqana_mist_gate
D:3:      layout_basic

Skill      XL: |  1  2 |
---------------+-------+-----
Fighting       | 1 |  1.3
Dodging        | |  1.7
Stealth        | |  1.7
Spellcasting   | |  2.4
Conjurations   | |  1.7
Fire Magic     | |  3.7

Action                   || total
-------------------------++-------
Melee: Unarmed           ||    87
       Tailslap          ||     7
       Quarterstaff      ||    12
 Cast: Foxfire           ||    57
Armor: Skin              ||    40
Dodge: Dodged            ||    95
